 Dungeon Crawl Stone Soup version 0.31.0-11-ge490571c62 (webtiles) character file.

Game seed: 17006388476410128069

44 qw the Shooter (level 3, 0/18 HPs)
             Began as a Spriggan Hunter on Feb 4, 2024.
             Succumbed to their own poison gas
             ... on level 2 of the Dungeon.
             The game lasted 00:00:04 (1422 turns).

qw the Shooter (Spriggan Hunter)                    Turns: 1422, Time: 00:00:05

Health: 0/18       AC:  6    Str:  6 (7)  XL:     3   Next: 41%
Magic:  4/4        EV: 19    Int:  9 (10) God:
Gold:   120        SH:  0    Dex: 19 (20) Spells: 2/2 levels left

rFire   . . .        a - +0 shortbow
rCold   . . .        (shield currently unavailable)
rNeg    . . .        c - +0 robe
rPois   .            (helmet restricted)
rElec   .            (no cloak)
rCorr   .            (gloves unavailable)
SInv    +            (boots unavailable)
Will    .....        (no amulet)
Stlth   ++           e - +4 ring of protection
HPRegen 0.23/turn    (no ring)
MPRegen 0.09/turn

%: no passive effects
@: lethally poisoned (0 -> -3), very quick
A: very small, no large weapons, unfitting armour, see invisible, speed 3
a: no special abilities


You were on level 2 of the Dungeon.
You visited 1 branch of the dungeon, and saw 2 of its levels.

You collected 120 gold pieces.


Innate Abilities, Weirdness & Mutations

You are very small and have problems with some larger weapons.
You are too small for most types of armour.
You have supernaturally acute eyesight. (SInv)
You cover ground extremely quickly. (Speed+++)


   Skills:
 - Level 1.5 Fighting
 + Level 4.7 Ranged Weapons
 - Level 4.0 Dodging
 - Level 1.5 Stealth


You had 2 spell levels left.
You didn't know any spells.
Your spell library was empty.

Inventory:

Hand Weapons
 a - a +0 shortbow (weapon)
Armour
 c - a +0 robe (worn)
Jewellery
 e - a +4 ring of protection (left hand)
Potions
 f - a potion of heal wounds

Dungeon Overview and Level Annotations

Branches:
Dungeon (2/15)

Altars:


Message History

Enter note:
Enter note:
Enter note:
Enter note:
Enter note:
Enter note:
Enter note:
Enter note: You are engulfed in poison gas.
You are lethally poisoned!
You feel very sick.
1411 ||| Stepping ~*~*~tactically~*~*~ (cloud).
You feel very sick.
Things that are here:
a potion of lignification; a potion of degeneration
1412 ||| DRINKING potion of curing.
You feel better.
1412 ||| (to cure poison)
You are engulfed in poison gas.
You are lethally poisoned!
You feel very sick.
1414 ||| Stepping ~*~*~tactically~*~*~ (cloud).
You feel very sick.
Things that are here:
a potion of lignification; a potion of degeneration
There is a lethal amount of poison in your body!
You feel very sick.
There is a lethal amount of poison in your body!
You feel very sick.
There is a lethal amount of poison in your body!
You feel sick.
There is a lethal amount of poison in your body!
You feel sick.
There is a lethal amount of poison in your body!
You feel sick.
There is a lethal amount of poison in your body!
You feel sick.
There is a lethal amount of poison in your body!
You feel sick.
There is a lethal amount of poison in your body!
You die...

#.##...####.........##
#.###.## ##.......###
#.##..# ##.....## #
#.##..# ##...### #
#.##..# #......# #
#.##..# #.#.##.# #
#.0...# #.#.##.#
####0########.#.##.#
#0@0.00000......#
##########......#
#......### #.........
###.###### #.# #.# #.#
#.#


There were no monsters in sight!

Vanquished Creatures
  2 dart slugs (D:2)
  A ribbon worm (D:2)
  7 ball pythons
  6 bats
  An endoplasm (D:1)
  2 giant cockroaches (D:1)
  5 hobgoblins
  2 jackals (D:2)
  3 kobolds
  2 frilled lizards
  A goblin (D:2)
  3 rats
35 creatures vanquished.

Notes
Turn   | Place    | Note
-------+----------+-------------------------------------------
     0 | D:1      | qw the Spriggan Hunter began the quest for the Orb.
     0 | D:1      | Reached XP level 1. HP: 10/10 MP: 2/2
     0 | D:1      | 0 ||| qw: Version: 0.3-a-160-g6735b56
     0 | D:1      | 0 ||| qw: Game counter: 4810
     0 | D:1      | 0 ||| qw: Melee chars always use a shield: true
     0 | D:1      | 0 ||| qw: God list: Okawaru
     0 | D:1      | 0 ||| qw: Allow faded altars: false
     0 | D:1      | 0 ||| qw: Do Orc after clearing Dungeon:15 true
     0 | D:1      | 0 ||| qw: Do second Lair branch before Depths: true
     0 | D:1      | 0 ||| qw: Lair rune preference: random
     0 | D:1      | 0 ||| qw: Goals: Normal
     0 | D:1      | 0 ||| PLANNING D:1-11
    61 | D:1      | Reached skill level 3 in Dodging
   173 | D:1      | Reached XP level 2. HP: 14/14 MP: 3/3
   680 | D:1      | 680 ||| UPGRADING to +4 ring of protection.
   681 | D:1      | 681 ||| READING 2 scrolls labelled AHUWIJ JIVET.
   681 | D:1      | 681 ||| IDENTIFYING dark potion
   682 | D:1      | 682 ||| READING scroll of identify.
   682 | D:1      | 682 ||| IDENTIFYING brown potion
   683 | D:1      | 683 ||| READING scroll labelled EKEPAC KAYHIA.
   684 | D:1      | 684 ||| DROPPING scroll of butterflies.
   855 | D:2      | Reached XP level 3. HP: 18/18 MP: 4/4
  1402 | D:2      | 1402 ||| READING scroll of identify.
  1402 | D:2      | 1402 ||| IDENTIFYING murky emerald potion
  1403 | D:2      | 1403 ||| READING scroll labelled JUODISCH UDOPN.
  1404 | D:2      | 1404 ||| READING scroll labelled DEDUC NYGUIHAYLO.
  1405 | D:2      | 1405 ||| READING scroll labelled JEPAZ SONOSELI.
  1406 | D:2      | 1406 ||| READING scroll labelled TUATOE PAARGH.
  1407 | D:2      | 1407 ||| DRINKING 2 clear potions.
  1408 | D:2      | 1408 ||| DROPPING potion of degeneration.
  1409 | D:2      | 1409 ||| DROPPING potion of lignification.
  1411 | D:2      | 1411 ||| Stepping ~*~*~tactically~*~*~ (cloud).
  1412 | D:2      | 1412 ||| DRINKING potion of curing.
  1412 | D:2      | 1412 ||| (to cure poison)
  1414 | D:2      | 1414 ||| Stepping ~*~*~tactically~*~*~ (cloud).
  1418 | D:2      | HP: 3/18 [poisoned by you (poison gas)]
  1420 | D:2      | HP: 1/18 [poisoned by you (poison gas)]
  1422 | D:2      | Succumbed to their own poison gas

Levels and vault maps discovered:
D:1:      eino_arrival_cavern_e, layout_loops_ring,
          chequers_serial_rivers_micro_a, hangedman_decor_lopped
D:2:      layout_loops_corners, kennysheep_another_room

Skill      XL: |  1  2 |
---------------+-------+-----
Dodging        | 3 4 |  4.0
Fighting       | |  1.5
Ranged Weapons | |  4.7
Stealth        | |  1.5

Action                     || total
---------------------------++-------
   Fire: Shortbow          ||    94
    Use: Scroll            ||     8
         Potion            ||     2
 Armour: Robe              ||     6
  Dodge: Dodged            ||    45

Table legend:
 A = Non-vault XP
 B = Vault XP
 C = Vault XP percentage of total XP
 D = Non-vault monster count
 E = Vault monster count
 F = Vault count percentage of total count
                 A         B        C        D         E       F
            +---------+---------+-------+---------+---------+-------
      Total |      64 |       0 |   0.0 |      35 |       0 |   0.0
            +---------+---------+-------+---------+---------+-------
        D:1 |      36 |       0 |   0.0 |      21 |       0 |   0.0
        D:2 |      28 |       0 |   0.0 |      14 |       0 |   0.0
            +---------+---------+-------+---------+---------+-------
